Map: Flooded City

Players

ILIEKEGGPIE

  • Race: Protoss Protoss
  • League: Platinum
  • Spawn Location: 6:00

BizMac

  • Race: Zerg Zerg
  • League: Platinum
  • Spawn Location: 6:00

Spider

  • Race: Protoss Protoss
  • League: Diamond
  • Spawn Location: 12:00

barred

  • Race: Terran Terran
  • Spawn Location: 12:00

VOD

Have the link to the VOD?

Description

Time

  • Played on: April 20, 2018, 12:43 p.m.
  • Length: 18:35
Show
View Real Time Build Order
Export as new Build Order

ILIEKEGGPIE Protoss 

Build Orders:  

Get SALT Encoding   

  12  0:02  Probe  
  14  0:14  Probe  
  14  0:23  Pylon  
  14  0:26  Probe  
  15  0:41  Probe  
  15  0:42  Gateway  
  16  0:49  Probe  
  16  0:54  Assimilator  
  17  0:57  Probe  
  18  1:08  Probe  
  19  1:20  Probe  
  20  1:36  Cybernetics Core  
  20  1:40  Gateway  
  20  2:00  Probe  
  21  2:15  Warp Gate  
  21  2:25  Assimilator  
  21  2:29  Pylon  
  21  2:30  Stalker  
  23  2:50  Gateway x2  
  23  2:56  Gateway  
  23  3:00  Gateway  
  23  3:20  Probe  
  23  3:21  Stalker  
  23  3:22  Stalker  
  28  3:28  Probe  
  29  3:40  Pylon  
  29  4:21  Stalker x3  
  29  4:22  Stalker x2  
  39  4:36  Pylon x2  
  39  4:46  Pylon  
  37  5:00  Stalker x3  
  37  5:01  Stalker  
  45  5:45  Stalker x3  
  45  5:46  Stalker  
  53  6:06  Robotics Facility  
  51  6:25  Probe  
  52  6:30  Zealot x2  
  52  6:31  Zealot x3  
  62  6:37  Pylon  
  62  6:46  Observer  
  63  6:59  Zealot x3  
  69  7:14  Pylon  
  69  7:32  Immortal  
  73  7:44  Twilight Council  
  72  8:38  Blink  
  72  8:51  Nexus  
  72  8:53  Pylon  
  72  8:55  Pylon  
  72  9:11  Gateway  
  72  9:40  Gateway x2  
  72  9:54  Pylon  
  72  10:04  Forge  
  44  10:37  Stalker  
  44  10:39  Stalker  
  46  10:44  Stalker x2  
  50  11:02  Forge  
  50  11:05  Charge  
  50  11:29  Assimilator  
  50  11:32  Immortal, Assimilator, Protoss Ground Weapons Level 1  
  50  11:42  Protoss Ground Armor Level 1  
  40  12:41  Stalker  
  40  12:42  Stalker  
  40  12:43  Sentry  
  40  12:44  Zealot x2  
  50  13:14  Gateway  
  50  13:15  Probe  
  51  13:25  Gateway  
  51  13:26  Stalker x2  
  55  13:27  Probe  
  55  13:29  Gateway  
  55  13:30  Protoss Ground Weapons Level 2  
  55  13:33  Gateway  
  56  13:39  Probe  
  56  13:40  Protoss Ground Armor Level 2  
  57  13:51  Probe  
  57  13:54  Stalker  
  57  13:55  Stalker x2  
  64  13:56  Sentry  
  64  13:57  Sentry  
  68  14:26  Zealot x5  
  78  14:38  Observer  
  79  15:30  Stalker x2  
  83  15:41  Stalker x3  
  83  15:42  Stalker x3  
  93  15:43  Stalker  
  95  15:51  Protoss Ground Weapons Level 3, Protoss Ground Armor Level 3  
  95  16:10  Immortal  
  99  16:40  Stalker x3  
  99  16:41  Stalker  
  99  16:42  Sentry  
  87  17:44  Stalker x4  
  87  17:45  Stalker x5  
  73  18:09  Stalker x3  
  73  18:10  Sentry  
Show
View Real Time Build Order
Export as new Build Order

BizMac Zerg 

Build Orders: Pool First 

Get SALT Encoding   

  12  0:02  Drone  
  13  0:09  Drone  
  14  0:18  Overlord  
  14  0:36  Drone  
  14  0:37  Drone x2  
  17  0:46  Extractor  
  17  0:47  Spawning Pool  
  15  0:55  Drone  
  16  1:02  Drone  
  17  1:31  Overlord, Drone  
  18  1:33  Drone  
  19  1:41  Queen  
  21  1:57  Zergling x4  
  23  2:42  Hatchery  
  22  2:46  Lair  
  22  2:51  Hatchery  
  21  2:55  Metabolic Boost  
  21  3:10  Drone x2  
  21  3:11  Zergling x6  
  21  3:12  Zergling x2  
  27  3:28  Extractor  
  27  3:29  Overlord  
  27  3:33  Drone  
  27  3:34  Zergling x2  
  28  3:55  Hydralisk Den  
  27  4:10  Zergling x16  
  27  4:12  Queen  
  33  4:33  Zergling x2  
  33  4:34  Zergling x10  
  39  4:43  Drone x3  
  42  5:05  Drone  
  43  5:32  Drone  
  43  5:33  Drone x6  
  50  5:47  Grooved Spines  
  50  5:55  Overlord x2  
  50  6:09  Overlord  
  49  6:12  Queen  
  49  6:17  Drone  
  49  6:18  Drone x7  
  59  6:31  Overlord  
  59  6:38  Extractor  
  59  6:39  Extractor  
  57  6:42  Drone x2  
  57  6:44  Drone x3, Evolution Chamber  
  57  6:45  Evolution Chamber  
  60  6:58  Muscular Augments  
  60  7:08  Drone  
  60  7:09  Drone x4  
  60  7:10  Hatchery  
  60  7:11  Overlord  
  60  7:13  Hydralisk  
  66  7:27  Zerg Missile Weapons Level 1  
  66  7:28  Zerg Ground Armor Level 1  
  66  7:35  Drone x2  
  68  7:38  Hydralisk x2  
  72  8:01  Overlord  
  72  8:02  Overlord  
  72  8:06  Hydralisk x6  
  84  8:14  Spire  
  83  8:26  Hydralisk x2  
  83  8:27  Hydralisk x2  
  85  8:32  Queen  
  93  8:37  Overlord  
  93  8:38  Drone  
  93  8:39  Drone  
  95  8:52  Hydralisk  
  95  8:53  Hydralisk x3  
  103  9:01  Hydralisk x2  
  103  9:02  Hydralisk  
  109  9:12  Hydralisk x3  
  115  9:32  Drone  
  115  9:33  Drone  
  115  9:34  Hydralisk  
  115  9:37  Hatchery  
  118  9:46  Hydralisk  
  118  9:48  Overlord x3  
  120  10:07  Hydralisk  
  120  10:08  Hydralisk x6  
  90  10:57  Hydralisk  
  90  10:58  Hydralisk  
  90  10:59  Hydralisk x8  
  90  11:00  Hydralisk x2  
  112  11:24  Spawning Pool  
  105  11:50  Drone x9  
  78  12:20  Lair  
  78  12:24  Hatchery  
  77  12:51  Hatchery  
  73  13:22  Drone  
  73  13:23  Drone x9  
  73  13:25  Extractor  
  73  13:26  Extractor  
  81  13:29  Spore Crawler  
  81  13:30  Spore Crawler  
  79  13:45  Drone  
  80  13:50  Drone x6  
  80  13:52  Zerg Missile Weapons Level 2  
  80  13:53  Zerg Ground Armor Level 2  
  86  13:59  Spire  
  85  14:04  Drone  
  85  14:05  Drone  
  85  14:09  Queen  
  91  14:18  Lair  
  91  14:21  Hydralisk  
  91  14:22  Hydralisk x9  
  109  14:34  Drone x3  
  112  15:00  Overlord x2  
  112  15:13  Corruptor  
  112  15:14  Corruptor x8  
  114  15:20  Zerg Flyer Weapons Level 1  
  130  15:21  Queen  
  130  15:24  Overlord  
  132  15:49  Drone x8  
  140  15:51  Extractor  
  140  15:52  Extractor  
  140  15:54  Spore Crawler  
  140  15:55  Spore Crawler, Drone x3  
  140  15:56  Spore Crawler  
  138  16:08  Corruptor  
  138  16:09  Corruptor x4  
  148  16:13  Overlord x2  
  148  16:20  Queen  
  150  16:29  Spore Crawler  
  150  16:30  Corruptor x2  
  150  16:31  Corruptor x2  
  143  17:20  Corruptor x12  
  111  17:55  Corruptor x2  
  111  17:56  Corruptor x5  
  109  18:05  Hydralisk  
  109  18:06  Hydralisk  
Show
View Real Time Build Order
Export as new Build Order

Spider Protoss 

Build Orders: Cannon Rush 

Get SALT Encoding   

  12  0:00  Probe  
  13  0:08  Probe  
  14  0:20  Pylon  
  14  0:23  Probe  
  15  0:38  Probe  
  16  0:48  Forge  
  16  0:50  Probe  
  17  0:58  Pylon  
  17  1:02  Probe  
  18  1:22  Pylon  
  18  1:46  Photon Cannon  
  18  1:47  Photon Cannon  
  18  1:48  Pylon  
  18  1:51  Photon Cannon  
  18  2:00  Pylon  
  17  2:09  Probe  
  17  2:17  Probe  
  17  2:20  Pylon  
  18  2:27  Probe  
  19  2:39  Probe  
  20  2:47  Photon Cannon  
  20  2:55  Photon Cannon  
  20  2:59  Probe  
  20  3:04  Gateway  
  21  3:07  Assimilator, Probe  
  22  3:13  Assimilator  
  22  3:15  Probe  
  23  3:27  Probe  
  24  3:34  Nexus  
  24  3:39  Probe  
  25  3:52  Cybernetics Core  
  25  3:58  Pylon  
  25  4:01  Probe  
  25  4:07  Pylon  
  26  4:18  Probe  
  27  4:28  Photon Cannon  
  27  4:31  Photon Cannon  
  27  4:39  Shield Battery  
  27  4:42  Shield Battery  
  27  4:45  Probe  
  28  5:01  Probe  
  29  5:09  Stargate  
  29  5:13  Probe  
  30  5:15  Stargate  
  30  5:22  Photon Cannon  
  30  5:25  Probe  
  30  5:29  Probe  
  30  5:34  Probe  
  30  5:35  Pylon  
  32  5:39  Probe  
  33  5:43  Probe  
  35  5:50  Probe  
  35  5:53  Void Ray  
  35  5:56  Probe  
  41  5:59  Photon Cannon  
  41  6:12  Void Ray  
  41  6:16  Photon Cannon  
  45  6:21  Pylon  
  45  6:30  Probe  
  46  6:39  Probe  
  46  6:46  Photon Cannon  
  47  6:47  Probe  
  47  6:48  Void Ray  
  47  6:54  Probe  
  53  6:57  Probe  
  49  7:11  Void Ray  
  47  7:20  Void Ray  
  47  7:27  Probe  
  52  7:53  Void Ray  
  52  7:54  Nexus  
  52  7:57  Assimilator  
  56  8:02  Assimilator  
  56  8:13  Void Ray  
  60  8:25  Pylon  
  60  8:32  Pylon  
  60  9:13  Fleet Beacon  
  60  9:24  Probe  
  61  9:32  Probe  
  61  9:35  Probe  
  62  9:41  Probe  
  62  9:43  Stargate  
  64  9:53  Probe  
  65  10:05  Probe  
  54  10:32  Carrier x2  
  46  10:42  Carrier  
  52  10:45  Graviton Catapult  
  52  10:48  Robotics Facility  
  60  11:19  Mothership  
  68  11:35  Warp Prism  
  70  11:53  Protoss Air Weapons Level 1  
  70  11:58  Carrier  
  76  12:41  Carrier x2  
  84  13:22  Carrier  
  84  13:25  Nexus  
  89  13:43  Pylon x2  
  89  13:45  Pylon  
  89  13:46  Pylon  
  90  13:48  Observer  
  90  13:53  Protoss Air Weapons Level 2  
  90  13:57  Carrier  
  90  14:01  Carrier  
  90  14:07  Nexus  
  96  14:14  Cybernetics Core  
  102  14:36  Forge  
  102  14:38  Twilight Council  
  102  14:39  Probe  
  102  14:40  Carrier  
  103  14:51  Probe  
  110  14:53  Observer  
  111  15:00  Probe  
  111  15:03  Probe  
  111  15:05  Cybernetics Core  
  113  15:08  Assimilator  
  113  15:12  Protoss Shields Level 1  
  113  15:13  Assimilator  
  113  15:15  Pylon  
  113  15:18  Pylon  
  113  15:22  Carrier  
  119  15:48  Photon Cannon  
  119  16:36  Carrier  
  125  16:52  Probe  
  126  17:00  Shield Battery  
  126  17:01  Shield Battery  
  126  17:04  Shield Battery  
  126  17:06  Shield Battery  
  135  18:16  Probe  
Show
View Real Time Build Order
Export as new Build Order

barred Terran 

Build Orders:  

Get SALT Encoding   

  12  0:04  SCV  
  13  0:16  SCV  
  14  0:22  Supply Depot  
  14  0:28  Refinery  
  14  0:30  SCV  
  15  0:51  Barracks  
  15  1:01  SCV  
  15  1:02  Barracks  
  16  1:11  Refinery  
  16  1:13  SCV  
  17  1:30  SCV  
  18  1:41  Barracks Reactor  
  18  1:49  Supply Depot  
  18  1:52  Barracks Reactor  
  18  1:57  Supply Depot  
  18  2:05  Orbital Command  
  18  2:29  Supply Depot  
  18  2:35  Reaper x3  
  21  2:37  Reaper  
  22  2:45  SCV  
  23  3:07  Reaper x3  
  23  3:09  Reaper  
  23  3:10  SCV  
  28  3:22  SCV  
  29  3:34  SCV  
  29  3:35  Factory  
  30  3:47  SCV  
  31  3:55  Marine x3  
  33  3:56  Marine  
  35  4:13  Marine x4  
  37  4:31  Marine x2  
  33  4:40  Factory Tech Lab  
  33  4:55  Starport  
  31  5:03  Marine x3  
  31  5:04  Marine  
  35  5:08  Siege Tank  
  38  5:21  Marine x4  
  39  5:25  Barracks  
  42  5:29  Engineering Bay  
  42  5:39  Marine x2  
  42  5:40  Siege Tank  
  47  5:43  Supply Depot  
  47  6:06  Supply Depot  
  47  6:09  Marine x2  
  47  6:10  Marine x2  
  51  6:25  Siege Tank  
  54  6:27  Marine x2  
  54  6:28  Marine x2  
  58  6:45  Starport Tech Lab, Marine x4  
  62  6:52  Barracks Tech Lab, Supply Depot  
  62  7:03  Marine  
  62  7:05  Terran Infantry Weapons Level 1  
  63  7:13  Marine x2  
  63  7:14  Siege Tank, Medivac  
  70  7:25  Combat Shield  
  70  7:32  Supply Depot  
  70  7:44  Medivac  
  72  8:04  Siege Tank  
  75  8:08  Supply Depot  
  75  8:13  Medivac  
  77  8:31  Supply Depot  
  77  8:36  Siege Tank  
  80  8:43  Medivac  
  82  8:55  Supply Depot  
  82  9:11  Command Center  
  82  9:22  Marine x5  
  87  9:40  Marine x4  
  53  11:01  Terran Infantry Armor Level 1  
  53  11:05  Supply Depot  
  53  11:07  Siege Tank  
  56  11:28  Supply Depot  
  56  11:36  Armory  
  56  11:39  Siege Tank  
  59  11:46  Refinery  
  59  11:49  SCV  
  54  12:11  Siege Tank  
  57  12:30  Terran Vehicle Weapons Level 1  
  57  12:39  Supply Depot  
  57  12:43  Siege Tank  
  60  12:49  Refinery, SCV  
  61  12:55  Terran Infantry Weapons Level 2  
  61  13:01  Supply Depot, SCV  
  62  13:14  SCV  
  62  13:15  Siege Tank  
  66  13:26  SCV  
  67  13:38  SCV  
  67  13:40  Supply Depot  
  68  13:45  Marine x3  
  68  13:46  Marine x2  
  73  13:50  SCV  
  73  13:51  Medivac  
  76  14:02  SCV  
  77  14:03  Supply Depot, Marine x5  
  82  14:14  SCV  
  83  14:21  Marine x5, Medivac  
  90  14:24  Terran Vehicle And Ship Armor Level 1  
  90  14:28  Siege Tank  
  93  14:32  High Capacity Fuel Tanks  
  93  14:38  Marine  
  93  14:39  Marine x4  
  98  14:51  Medivac  
  98  14:52  Orbital Command  
  100  14:56  Marine x2  
  100  14:57  Marine x3  
  105  15:00  Siege Tank  
  108  15:12  Command Center  
  108  15:21  Medivac  
  110  15:32  Siege Tank  
  113  15:51  Medivac  
  113  15:53  Terran Infantry Weapons Level 3  
  115  15:57  Supply Depot  
  115  16:17  Refinery  
  115  16:18  Terran Vehicle Weapons Level 2  
  115  16:20  Supply Depot  
  115  16:21  Medivac  
  115  16:23  Refinery  
  117  16:27  Missile Turret  
  117  16:37  Planetary Fortress  
  117  16:57  Thor  
Tags
 
Add a new tag
Caveats
  • Supply blocks, unpowered buildings, or Contaminate may cause inaccurate times.
  • Supply counts are checked every 10 seconds.